Map: 粉红之都 - 天梯版

Players

INnoVation

  • Race: Terran Terran
  • Spawn Location: 7:00

JinairRogue (Rogue) - Winner!

  • Race: Zerg Zerg
  • Spawn Location: 1:00

Event: 2018 Hangzhou StarCraft Carnival

VOD

Have the link to the VOD?

Description

Time

  • Played on: April 30, 2018, 6:19 a.m.
  • Length: 12:58

All games in this series

Show
View Real Time Build Order
Export as new Build Order

INnoVation Terran 

Build Orders: Cyclone Opening 

Get SALT Encoding   

  12  0:00  SCV  
  13  0:12  SCV  
  14  0:17  Supply Depot  
  14  0:24  SCV  
  15  0:39  Barracks  
  15  0:50  Barracks  
  15  0:53  SCV  
  16  1:01  Refinery  
  16  1:05  SCV  
  17  1:18  SCV  
  18  1:25  Marine  
  18  1:30  Orbital Command  
  19  1:37  Marine  
  20  1:41  Supply Depot  
  20  1:43  Marine  
  21  1:49  Bunker  
  21  1:57  Marine  
  21  2:01  Marine  
  23  2:09  Factory  
  23  2:15  Marine  
  24  2:19  Marine  
  24  2:32  SCV, Marine  
  24  2:34  Supply Depot  
  24  2:37  Marine  
  25  2:52  SCV  
  25  2:55  Cyclone  
  25  2:56  Marine x2  
  31  3:04  SCV  
  32  3:06  Supply Depot  
  32  3:07  Refinery  
  32  3:14  Marine x2  
  32  3:16  SCV  
  35  3:31  SCV  
  36  3:39  Factory Reactor  
  30  3:43  SCV, Starport  
  25  3:55  SCV  
  25  3:59  Command Center  
  26  4:08  SCV  
  24  4:15  Hellion  
  24  4:16  Hellion  
  28  4:24  Starport Tech Lab  
  28  4:37  Hellion x2  
  32  4:43  Banshee  
  35  4:47  Cloaking Field  
  35  4:51  SCV  
  36  5:00  Hellion  
  36  5:01  Hellion  
  36  5:04  SCV  
  41  5:12  Orbital Command  
  41  5:16  SCV  
  42  5:26  Banshee  
  45  5:28  SCV  
  45  5:33  Orbital Command  
  45  5:34  Cyclone  
  49  5:39  Cyclone  
  52  5:43  SCV  
  53  5:54  Armory  
  53  5:55  SCV  
  54  5:59  SCV, Supply Depot  
  55  6:07  SCV  
  56  6:11  SCV  
  60  6:19  SCV  
  60  6:23  SCV  
  62  6:29  Command Center  
  63  6:32  SCV  
  63  6:35  SCV  
  63  6:39  Refinery  
  61  6:41  Cyclone x2, Starport Reactor  
  61  6:46  SCV  
  68  6:47  SCV  
  68  6:50  Refinery  
  68  6:53  Supply Depot  
  69  6:54  Terran Vehicle Weapons Level 1  
  69  6:58  SCV  
  70  7:06  Supply Depot  
  70  7:15  SCV x2  
  72  7:21  Cyclone x2  
  78  7:28  SCV x2  
  80  7:31  Supply Depot  
  80  7:40  Factory  
  80  7:42  Orbital Command, Factory  
  80  7:43  SCV  
  80  7:44  SCV  
  82  7:54  Supply Depot  
  86  8:00  Cyclone x2  
  86  8:02  SCV x2  
  86  8:04  Orbital Command  
  86  8:05  Supply Depot  
  90  8:14  SCV x2  
  90  8:15  Refinery  
  90  8:19  Refinery  
  92  8:23  Armory  
  92  8:26  SCV x2, Factory Tech Lab  
  97  8:27  Siege Tank  
  97  8:32  SCV  
  98  8:37  Supply Depot  
  98  8:38  SCV x2  
  100  8:46  SCV, Hellion x2  
  108  8:50  SCV x2  
  108  8:52  Engineering Bay  
  110  9:00  Thor  
  110  9:01  Thor  
  108  9:08  SCV x3  
  106  9:16  Viking  
  107  9:19  Viking  
  107  9:22  SCV x2  
  106  9:28  SCV  
  107  9:34  SCV  
  107  9:43  Siege Tank  
  107  9:44  SCV, Siege Tank  
  107  9:45  SCV  
  110  9:50  SCV  
  110  9:51  Viking x2  
  115  9:56  SCV  
  115  9:57  SCV  
  115  9:58  Terran Vehicle Weapons Level 2  
  115  9:59  Terran Vehicle And Ship Armor Level 1  
  117  10:04  SCV  
  117  10:09  SCV x2  
  119  10:16  SCV  
  119  10:19  Siege Tank x2  
  119  10:20  Missile Turret  
  119  10:21  SCV x2  
  128  10:22  Missile Turret  
  128  10:23  Missile Turret  
  128  10:25  Viking  
  128  10:27  Viking  
  133  10:37  Factory  
  133  10:39  Supply Depot  
  133  10:41  Factory  
  132  10:43  Supply Depot  
  132  10:47  Supply Depot  
  132  10:49  SCV  
  133  10:54  Supply Depot  
  133  11:01  SCV x2, Viking x2  
  133  11:03  SCV  
  140  11:08  Siege Tank x2  
  144  11:13  SCV  
  145  11:20  Hellion x2  
  145  11:21  SCV x2, Factory Tech Lab  
  152  11:25  SCV  
  146  11:37  SCV  
  146  11:38  SCV x2  
  142  11:40  Siege Tank x2  
  142  11:46  Viking x2  
  123  11:52  SCV x3  
  106  12:05  Siege Tank  
  102  12:11  SCV x3  
  102  12:12  Siege Tank x2  
  86  12:23  SCV x2  
  86  12:25  SCV  
  86  12:35  SCV x2  
  70  12:46  SCV  
Show
View Real Time Build Order
Export as new Build Order

JinairRogue Zerg - Winner!

Build Orders: Hatch First, Swarm Host 

Get SALT Encoding   

  12  0:00  Drone  
  13  0:12  Overlord  
  13  0:17  Drone  
  14  0:31  Drone x2  
  14  0:35  Drone  
  17  0:51  Hatchery  
  17  0:53  Drone  
  17  0:56  Drone  
  18  1:09  Extractor  
  17  1:12  Spawning Pool  
  17  1:15  Drone  
  17  1:18  Drone  
  19  1:33  Drone  
  19  1:35  Hatchery  
  19  1:42  Overlord  
  19  1:59  Zergling x2, Queen  
  23  2:01  Zergling x2  
  23  2:03  Spine Crawler  
  22  2:11  Zergling x2, Metabolic Boost  
  22  2:13  Spine Crawler  
  22  2:22  Zergling x2  
  21  2:32  Zergling x2  
  20  2:46  Queen  
  20  2:49  Zergling x4  
  24  2:58  Zergling x2  
  25  3:05  Zergling x2  
  26  3:09  Zergling x2  
  26  3:11  Zergling x2  
  26  3:12  Queen  
  30  3:17  Zergling x2  
  31  3:20  Zergling x2  
  31  3:26  Zergling x2  
  32  3:31  Zergling x2  
  32  3:33  Zergling x2  
  34  3:34  Zergling x2  
  34  3:35  Zergling x2  
  34  3:40  Zergling x2  
  33  3:46  Drone  
  33  3:59  Drone x2  
  35  4:14  Overlord  
  35  4:17  Hatchery  
  34  4:30  Overlord  
  34  4:33  Drone  
  34  4:34  Drone  
  34  4:37  Drone  
  37  4:50  Drone x3  
  40  4:54  Drone  
  41  5:01  Drone  
  42  5:10  Drone x3  
  42  5:12  Extractor  
  44  5:15  Drone  
  45  5:29  Queen  
  45  5:30  Lair  
  45  5:31  Overlord  
  45  5:32  Drone  
  48  5:37  Drone  
  49  5:43  Drone x3  
  49  5:49  Roach Warren  
  51  5:53  Drone x3  
  54  6:00  Spore Crawler  
  54  6:01  Spore Crawler  
  54  6:04  Drone x2  
  54  6:10  Drone x2  
  54  6:11  Extractor x2  
  54  6:19  Drone  
  54  6:20  Drone x3  
  54  6:21  Drone  
  59  6:27  Overlord  
  59  6:28  Overseer  
  59  6:37  Overlord  
  59  6:44  Spire  
  58  6:50  Drone x2  
  59  6:55  Drone x3  
  59  6:56  Drone, Overlord  
  59  6:59  Drone  
  65  7:01  Drone  
  65  7:05  Drone  
  66  7:11  Drone  
  67  7:20  Overlord x2  
  66  7:28  Hatchery  
  65  7:31  Roach x2  
  65  7:32  Overlord  
  69  7:57  Mutalisk x8  
  84  8:05  Glial Reconstitution  
  84  8:07  Drone x3  
  84  8:08  Spore Crawler, Evolution Chamber  
  85  8:14  Drone x3  
  85  8:19  Roach x2  
  92  8:31  Roach x4  
  98  8:37  Overlord, Extractor  
  98  8:39  Extractor  
  96  8:42  Zerg Missile Weapons Level 1  
  96  8:45  Drone  
  96  8:46  Drone x3  
  100  8:51  Drone x3  
  100  8:53  Drone x2  
  105  9:02  Drone x2  
  103  9:08  Drone  
  102  9:18  Drone  
  102  9:19  Drone x4  
  102  9:21  Overlord  
  107  9:26  Infestation Pit  
  107  9:28  Overlord x2  
  106  9:35  Roach x2  
  106  9:37  Roach  
  112  9:39  Hatchery  
  109  9:47  Roach  
  109  9:48  Roach x6  
  109  9:50  Drone  
  109  9:51  Overlord  
  122  9:54  Overlord  
  122  9:58  Drone x4  
  122  9:59  Drone  
  127  10:06  Drone x3  
  128  10:16  Drone x4  
  128  10:17  Drone x2  
  128  10:18  Overlord  
  128  10:20  Ravager x2  
  138  10:21  Ravager x2  
  138  10:27  Overlord  
  138  10:29  Overseer  
  138  10:35  Overlord  
  138  10:51  Swarm Host  
  138  10:52  Swarm Host x10  
  171  11:02  Swarm Host x4  
  183  11:13  Overlord x2  
  183  11:15  Ravager  
  184  11:25  Overlord  
  184  11:26  Overlord  
  184  11:31  Roach x7  
  192  11:33  Ravager x3  
  192  11:34  Ravager  
  192  11:36  Roach x2  
  191  11:44  Roach x4  
  189  11:50  Overseer  
  189  11:53  Roach x5  
  189  11:54  Roach  
  191  12:03  Overlord x2  
  181  12:14  Overlord x2  
  168  12:26  Overlord  
  166  12:30  Spine Crawler x2, Evolution Chamber  
  151  12:39  Roach x3  
  148  12:51  Hatchery  
Tags
 
Add a new tag
Caveats
  • Supply blocks, unpowered buildings, or Contaminate may cause inaccurate times.
  • Supply counts are checked every 10 seconds.